 Dungeon Sprint DCSS version 0.13-a0-2995-g9a84c3d (webtiles) character file.

900000 Misa the Pyromancer (level 11, -11/84 HPs)
             Began as a Djinni Fire Elementalist on Sept 8, 2013.
             Mangled by a bag of meat
             ... wielding a +9,+9 war axe
              (28 damage)
             ... in the Dungeon (Sprint VIII: "Arena of Blood").
             The game lasted 00:00:23 (9 turns).

Misa the Pyromancer (Djinni Fire Elementalist)         Turns: 9, Time: 00:00:23

HP -11/84        AC  2     Str  8      XL: 11   Next: 37%
MP   0/0         EV 19     Int 19      God:
Gold 20          SH  0     Dex 14      Spells:  1 memorised, 20 levels left

Res.Fire  : + + +   See Invis. : .   c - +∞ Axe of Woe
Res.Cold  : x . .   Warding    : .   a - +0 robe
Life Prot.: + + +   Conserve   : .   (no shield)
Res.Poison: .       Res.Corr.  : .   (no helmet)
Res.Elec. : .       Clarity    : .   (no cloak)
Sust.Abil.: . .     Spirit.Shd : .   (no gloves)
Res.Mut.  : .       Prev.Telep.: +   (boots unavailable)
Res.Rott. : .       Flight     : .   (no amulet)
Saprovore : . . .                    (no ring)
                                     (no ring)

@: somewhat resistant to hostile enchantments, quite stealthy
A: fire immunity, cold vulnerability, life protection 3
a: no special abilities


You were in the Dungeon.
You were not hungry.

You visited 1 branch

Inventory:

Hand weapons
 c - the +∞,+∞ Axe of Woe (weapon)
   (You found it in the Dungeon)
Armour
 a - a +0 robe (worn)
Scrolls
 i - a scroll of blinking
Potions
 d - a potion of curing
 e - a potion of heal wounds
 f - a potion of speed
 g - 2 potions of magic
 h - a potion of berserk rage
Books
 b - a book of Flames

   Spells                             Type                      Level
   *Flame Tongue                      Conjuration/Fire             1
   Throw Flame                        Conjuration/Fire             2
   Conjure Flame                      Conjuration/Fire             3
   Inner Flame                        Hexes/Fire                   3
   Sticky Flame                       Conjuration/Fire             4
   Fireball                           Conjuration/Fire             5


   Skills:
 + Level 11.1 Dodging
 + Level 9.4 Stealth
 + Level 5.5 Spellcasting
 + Level 3.0 Conjurations
 + Level 26.1 Fire Magic


You had 20 spell levels left.
You knew the following spells:

 Your Spells              Type           Power        Failure   Level  Hunger
a - Flame Tongue          Conj/Fire      #####        1%          1    None


Dungeon Overview and Level Annotations

Branches:
Dungeon (1/1)

Altars:
Makhleb


Innate Abilities, Weirdness & Mutations

You are immune to all types of fire, even holy and hellish.
You are vulnerable to cold.
You need no food.
You have no legs.
You are immune to negative energy.


Message History

You have reached level 9!
Your experience leads to an increase in your attributes!
Increase (S)trength, (I)ntelligence, or (D)exterity?
You feel clever.
You have reached level 10!
You have reached level 11!
You hear a shout!
The meat berserker rages.
You hear a shout!
A bag of meat comes into view. It is wielding a +9,+9 war axe.
Unknown command.
A bag of meat comes into view. It is wielding a +9,+9 war axe.
The bag of meat shouts!
You hear a shout!
You hear a shout!
You hear a shout!
You hear a shout!
The bag of meat hits you with a +9,+9 war axe!
* * * LOW HITPOINT WARNING * * *
You hear a shout!
You hear a shout!
The bag of meat hits you with a +9,+9 war axe!
You die...

.... . ........ ...
......... .....
......... ......
#...o...# ..#...
#.......#
......###.......###.
.......o.o..###......
....#..o@.o.._.......
..#.......#.....#...
..........#_.<._#
..#....)..#.....#
...#........_.....
...........###......
......###.... ..###.
..... #.......# ....
#..o. .#


You could see 5 bags of meat.

Vanquished Creatures
  An orc (D)
1 creature vanquished.

Notes
Turn   | Place    | Note
--------------------------------------------------------------
     0 | D        | Misa, the Djinni Fire Elementalist, began the quest for the Orb.
     0 | D        | Reached XP level 1. HP: 14/14 MP: 0/0
     4 | D        | Noticed a bag of meat
     4 | D        | Noticed a bag of meat
     5 | D        | Noticed a bag of meat
     5 | D        | Noticed a bag of meat
     6 | D        | Noticed a bag of meat
     6 | D        | Noticed a meat berserker
     7 | D        | Killed a bag of meat
     7 | D        | Reached skill level 11 in Dodging
     7 | D        | Reached skill level 5 in Spellcasting
     7 | D        | Reached skill level 26 in Fire Magic
     7 | D        | Reached XP level 2. EP: 14/23
     7 | D        | Reached XP level 3. EP: 18/30
     7 | D        | Reached XP level 4. EP: 22/38
     7 | D        | Reached XP level 5. EP: 25/44
     7 | D        | Reached XP level 6. EP: 29/52
     7 | D        | Reached XP level 7. EP: 32/59
     7 | D        | Reached XP level 8. EP: 35/66
     7 | D        | Reached XP level 9. EP: 38/72
     7 | D        | Reached XP level 10. EP: 41/78
     7 | D        | Reached XP level 11. EP: 44/84
     8 | D        | Noticed a bag of meat
     8 | D        | Noticed a bag of meat
     9 | D        | Mangled by a bag of meat

Action                   |  1- 3 |  4- 6 |  7- 9 | 10-12 || total
-------------------------+-------+-------+-------+-------++-------
Melee: Executioner's axe |     1 |       |       |       ||     1
